 Dungeon Sprint DCSS version 0.19.1 (webtiles) character file.

49 KingBobo974 the Covered (level 3, -2/29 HPs)
             Began as a Demonspawn Wanderer on Dec 14, 2016.
             Was an Initiate of Trog.
             Slain by a troll (12 damage)
             ... in the Dungeon (Sprint IX: "|||||||||||||||||||||||||||||").
             The game lasted 00:03:02 (92 turns).

KingBobo974 the Covered (Demonspawn Wanderer)         Turns: 92, Time: 00:03:03

Health: -2/29      AC:  8    Str: 12    XL:     3   Next: 51%
Magic:  3/3        EV:  9    Int: 12    God:    Trog [......]
Gold:   0          SH:  9    Dex: 16    Spells: 0 memorised, 2 levels left

rFire  . . .     SeeInvis .     p - +2 rapier "Ureetuomad" {drain, Dex+2}
rCold  . . .     Gourm    .     e - +0 robe
rNeg   . . .     Faith    .     a - +0 shield
rPois  .         Spirit   .     (no helmet)
rElec  .         Reflect  .     (no cloak)
rCorr  .         Harm     .     (no gloves)
MR     .....     NoTele   +     (no boots)
Stlth  ++........               (no amulet)
                                (no ring)
                                (no ring)

@: sanguine armour
A: sanguine armour 1
a: Burn Spellbooks, Renounce Religion


You were in the Dungeon.
You worshipped Trog.
Trog was noncommittal.
You were not hungry.

You visited 1 branch

Inventory:

Hand Weapons
 b - a +0 hand crossbow
 o - the +2 morningstar "Hukaahui" {freeze, *Slow Fragile rF+++ Stlth+}
   (You found it in the Dungeon)

   It has been specially enchanted to freeze those struck by it, causing extra
   injury to most foes and up to half again as much damage against particularly
   susceptible opponents.
   It can also slow down cold-blooded creatures.
   It renders you almost immune to fire.
   It may slow you when you take damage.
   It will be destroyed if unequipped.
   It makes you more stealthy.
 p - the +2 rapier "Ureetuomad" (weapon) {drain, Dex+2}
   (You found it in the Dungeon)

   A truly terrible weapon, it drains the life of those it strikes.
   It affects your dexterity (+2).
Missiles
 c - 23 bolts
Armour
 a - a +0 shield (worn)
 e - a +0 robe (worn)
 q - a +0 pair of gloves
 r - a +0 helmet
 s - a +1 chain mail
Jewellery
 t - a +3 ring of intelligence
 u - a +3 ring of strength
Wands
 n - a wand of acid (7/15)
Scrolls
 k - 2 scrolls of blinking
 m - 3 scrolls of remove curse
Potions
 d - 6 potions of curing
 g - 3 potions of heal wounds
 h - a potion of haste
 i - 4 potions of magic
 j - a potion of berserk rage
 l - a potion of invisibility
Comestibles
 f - a bread ration


   Skills:
 - Level 3.0 Fighting
 * Level 0.0 Short Blades
   Level 1.0 Bows
 + Level 3.7 Crossbows
 * Level 4.1 Armour
 + Level 2.4 Stealth
 * Level 3.4 Shields


You had 2 spell levels left.
You didn't know any spells.

Dungeon Overview and Level Annotations

Branches:
Dungeon (1/1)

Altars:
Cheibriados
Dithmenos
Elyvilon
Fedhas
Gozag
Hepliaklqana
Kikubaaqudgha
Makhleb
Nemelex Xobeh
Okawaru
Qazlal
Ru
Sif Muna
Trog
Uskayaw
Vehumet
Xom
Yredelemnul
Zin
The Shining One
Beogh
Jiyva
Lugonu


Innate Abilities, Weirdness & Mutations

When seriously injured, your bleeding wounds create armour. (AC +6)


Message History

You see here a +0 helmet.
r - a +0 helmet You see here a +1 chain mail.
s - a +1 chain mail
t - a +3 ring of intelligence
u - a +3 ring of strength You sense an unholy aura.
p - the +2 rapier "Ureetuomad" (weapon)
{drain, Dex+2} Wield which item (- for none, * to show all)? (? for menu, Esc to quit)
You are already wielding that!
You open the door.
An iguana, an adder, a worker ant, an ice beast, a troll and a crimson imp come into view.
The worker ant twitches its antennae in your direction.
The troll shouts!
The adder hisses angrily.
You hit the troll but do no damage. The troll bites you. The troll claws you!
Your blood congeals into armour.
The troll barely misses you.
You hit the troll. You drain the troll!
The troll is moderately wounded.
The troll bites you!
You die...

▓.▓
▓a▓
▓S▓
▓5▓
▓l▓
▓Y▓
▓T▓
▓@▓
▓.▓
▓.▓
▓.▓
▓.▓
▓)▓
▓|▓
▓?▓
▓.▓


You could see a troll, an ice beast, an iguana, a worker ant, a crimson imp and
an adder.

Vanquished Creatures
  A hound (D)
  An adder (D)
  A bat skeleton (D)
  3 goblins (D)
  A hobgoblin (D)
  A quokka (D)
  A leopard gecko zombie (D)
  A rat (D)
10 creatures vanquished.

Notes
Turn   | Place    | Note
-------+----------+-------------------------------------------
     0 | D        | KingBobo974 the Demonspawn Wanderer began the quest for the Orb.
     0 | D        | KingBobo974 set off with: a +0 shield, a +0 hand crossbow, 25 bolts, 2 potions of curing, a +0 robe, a bread ration, a potion of heal wounds, a potion of haste, 2 potions of magic, a potion of berserk rage, a scroll of blinking
     0 | D        | Reached XP level 1. HP: 18/18 MP: 1/1
     5 | D        | Reached skill level 3 in Armour
    21 | D        | Noticed a hound
    23 | D        | Gained mutation: When seriously injured, your bleeding wounds create armour. (AC +6) [demonic ancestry]
    23 | D        | Reached XP level 2. HP: 19/24 MP: 2/2
    29 | D        | Reached skill level 4 in Armour
    29 | D        | Reached XP level 3. HP: 18/29 MP: 3/3
    40 | D        | Found a roughly hewn altar of Beogh.
    40 | D        | Found a snail-covered altar of Cheibriados.
    40 | D        | Found a shadowy altar of Dithmenos.
    40 | D        | Found a white marble altar of Elyvilon.
    40 | D        | Found a blossoming altar of Fedhas.
    40 | D        | Found an opulent altar of Gozag.
    41 | D        | Found a hazy altar of Hepliaklqana.
    42 | D        | Found a viscous altar of Jiyva.
    43 | D        | Found an ancient bone altar of Kikubaaqudgha.
    44 | D        | Found a corrupted altar of Lugonu.
    45 | D        | Found a burning altar of Makhleb.
    46 | D        | Found a sparkling altar of Nemelex Xobeh.
    47 | D        | Found an iron altar of Okawaru.
    48 | D        | Found a stormy altar of Qazlal.
    49 | D        | Found a sacrificial altar of Ru.
    50 | D        | Found a deep blue altar of Sif Muna.
    51 | D        | Found a bloodstained altar of Trog.
    52 | D        | Found a hide-covered altar of Uskayaw.
    53 | D        | Found a radiant altar of Vehumet.
    54 | D        | Found a shimmering altar of Xom.
    55 | D        | Found a basalt altar of Yredelemnul.
    56 | D        | Found a glowing silver altar of Zin.
    57 | D        | Found a glowing golden altar of the Shining One.
    59 | D        | Became a worshipper of Trog the Wrathful
    76 | D        | Got the +2 morningstar "Hukaahui" {freeze, *Slow Fragile rF+++ Stlth+}
    76 | D        | Got the +2 rapier "Ureetuomad" {drain, Dex+2}
    90 | D        | Noticed an ice beast
    90 | D        | Noticed a troll
    92 | D        | Slain by a troll

Skill      XL: |  1  2 |
---------------+-------+-----
Armour         | 3 4 |  4.1
Crossbows      | 2 3 |  3.7
Shields        | 2 3 |  3.4
Stealth        | 2 |  2.4
Fighting       | |  3.0
Bows           | |  1.0

Action                   || total
-------------------------++-------
Melee: Rapier            ||     2
 Fire: Hand crossbow     ||    17
Armor: Robe              ||     7
Dodge: Dodged            ||     5
Block: Shield            ||     8
